 Dungeon Crawl Stone Soup version 0.16-a0-3641-g71d4c1b (webtiles) character file.

20876 Econoterrorist the Grappler (level 12, -15/127 HPs)
             Began as a Troll Monk on July 24, 2015.
             Was an Elder of Pakellas.
             Demolished by a trapdoor spider (18 damage)
             ... on level 3 of the Lair of Beasts.
             The game lasted 00:52:30 (14144 turns).

Econoterrorist the Grappler (Troll Monk)           Turns: 14144, Time: 00:52:32

Health: -15/127    AC:  8    Str: 22    XL:     12   Next: 49%
Magic:  22/22      EV: 14    Int:  6    God:    Pakellas [****..]
Gold:   697        SH:  0    Dex: 21    Spells: 0 memorised, 11 levels left

rFire  . . .     SeeInvis .       - Unarmed
rCold  . . .     Clarity  .     M - +2 robe {MR+}
rNeg   . . .     SustAb   .     (shield restricted)
rPois  .         Gourm    +     (helmet restricted)
rElec  .         Spirit   .     C - +0 cloak
rCorr  .         Warding  .     (gloves unavailable)
rMut   .         Stasis   .     (boots unavailable)
MR     +....                    z - amulet of rage
Stlth  ++........               (no ring)
                                P - +5 ring of dexterity

@: lethally poisoned, exhausted, about to teleport, slowed, studying Dodging,
very slow, somewhat resistant to hostile enchantments, unstealthy
A: unfitting armour, claws 3, fast metabolism 3, gourmand, regeneration 2,
shaggy fur 1, tough skin 2
a: Minor Device Surge, Quick Charge, Device Surge, Renounce Religion, Evoke
Berserk Rage


You were on level 3 of the Lair of Beasts.
You worshipped Pakellas.
Pakellas was greatly pleased with you.
You were very full.

You visited 3 branches of the dungeon, and saw 16 of its levels.

You collected 853 gold pieces.
You spent 156 gold pieces at shops.

Inventory:

Hand weapons
 K - a +1 scimitar of flaming
Armour
 C - a +0 cloak (worn)
 M - a +2 robe of magic resistance (worn)
Rods
 A - a +7 rod of inaccuracy (14/14)
   (Pakellas gifted it to you on level 1 of the Lair of Beasts)
Jewellery
 z - an amulet of rage (around neck)
 P - a +5 ring of dexterity (left claw)
Magical devices
 a - a wand of teleportation (6)
 c - a wand of magic darts (16)
 j - a wand of polymorph (7)
 k - a wand of flame (10)
 q - a wand of paralysis (14)
 x - a wand of draining (5)
 y - a wand of disintegration (11)
 D - a wand of confusion (11)
 G - a wand of polymorph (17)
 J - a wand of lightning (0)
 O - a wand of fire (7)
Scrolls
 d - 2 scrolls of teleportation
 e - 11 scrolls of identify
 h - 2 scrolls of fear
 l - 2 scrolls of amnesia
 n - 2 scrolls of magic mapping {unknown}
 o - a scroll of brand weapon {unknown}
 w - 2 scrolls of fog
 B - a scroll of holy word {unknown}
 E - a scroll of immolation {unknown}
 L - a scroll of enchant armour
 R - 2 scrolls of remove curse
Potions
 f - 2 potions of might
 i - 4 potions of agility
 p - 2 potions of haste {unknown}
 s - 2 potions of cure mutation {unknown}
 t - 2 potions of magic
 u - a potion of restore abilities
 F - a potion of berserk rage
 H - a potion of resistance {unknown}
 N - 4 potions of curing
 T - a potion of cancellation {unknown}
Books
 Q - a manual of Dodging
Comestibles
 b - 7 meat rations
 g - 5 slices of pizza
 m - 12 bread rations
 r - 6 fruits
 v - 3 royal jellies
 I - 2 beef jerkies
 S - 2 chunks of flesh


   Skills:
 - Level 10.3 Fighting
 - Level 5.0 Dodging
 - Level 1.1 Stealth
 + Level 12.1 Unarmed Combat
 - Level 10.0 Evocations


You had 11 spell levels left.
You didn't know any spells.

Dungeon Overview and Level Annotations

Branches:
Dungeon (12/15)            Temple (1/1) D:6            Lair (3/8) D:10
 Shoals (0/5) Lair:3       Spider (0/5) Lair:3
    Orc: D:9-12

Altars:
Dithmenos
Elyvilon
Fedhas
Kikubaaqudgha
Makhleb
Nemelex Xobeh
Okawaru
Pakellas
Qazlal
Ru
Sif Muna
Trog
Vehumet
Xom
Yredelemnul
Zin
The Shining One

Shops:
D:7 !*


Innate Abilities, Weirdness & Mutations

You are too large for most types of armour.
You have claws for hands.
Your metabolism is lightning-fast.
You like to eat raw meat.
You heal very quickly.
You are covered in fur (AC +1).
You have very tough skin (AC +2).


Message History

The trapdoor spider poisons you! The trapdoor spider bites you!
* * * LOW HITPOINT WARNING * * *
You are more poisoned.
The trapdoor spider poisons you!
The trapdoor spider bites you but does no damage.
The trapdoor spider barely misses you. The trapdoor spider closely misses you.
Drink which item? (? for menu, Esc to quit)
You feel better. The trapdoor spider barely misses you.
The trapdoor spider bites you!
* * * LOW HITPOINT WARNING * * *
The trapdoor spider closely misses you. The trapdoor spider barely misses you.
Read which item? (? for menu, Esc to quit)
As you read the scroll of teleportation, it crumbles to dust.
You feel strangely unstable. The trapdoor spider bites you.
* * * LOW HITPOINT WARNING * * *
You are poisoned.
The trapdoor spider poisons you! The trapdoor spider bites you!
* * * LOW HITPOINT WARNING * * *
The trapdoor spider closely misses you. The trapdoor spider bites you!!
You die...

###### ###### P#.#..# #
#.##P#####. .....### .##
#........... #.....##..#.
.)...........###...^..#....
P..............^#s..^##....
P.............^s@....#......
...............^>^..^.......
#.......#P........#.........
#..............^.##.........
#.............#.##^†.^......
..#...#.......###.......#...
...P.###......###...^..## #
......# ##.....#.......#
.PP...# #.###..#.#...#


You could see 2 trapdoor spiders.

Vanquished Creatures
  A hydra (D:11)
  Erica (D:10)
  A death yak (D:11)
  The ghost of ReverendCrunchyBlack the Covert, a powerful SpAs of Pakellas (Lair:3)
  Erolcha (D:8)
  2 hill giants (D:11)
  An elephant (D:10)
  A gargoyle (D:10)
  4 spiny frogs
  3 komodo dragons
  A troll (D:9)
  A two-headed ogre (D:9)
  Prince Ribbit (D:5)
  3 slime creatures (D:10)
  A trapdoor spider (Lair:3)
  2 basilisks
  2 deep elf magi (D:11)
  A spriggan (D:10)
  A shadow (D:11)
  2 wraiths
  5 steam dragons
  3 hippogriffs
  6 yaks
  A hungry ghost (D:11)
  4 wolves (Lair:1)
  2 water moccasins
  The ghost of ReverendCrunchyBlack the Conjurer, an average SpFE (D:3)
  4 porcupines
  A black bear (Lair:3)
  3 necrophages
  6 ogres
  2 orc warriors
  6 ice beasts
  2 sky beasts
  9 centaurs
  3 phantoms
  A wasp (D:11)
  Sigmund (D:6)
  Duvessa (D:7)
  9 giant frogs
  12 crocodiles
  2 elf zombies (D:7)
  A big kobold (D:7)
  Blork the orc (D:5)
  A wyvern zombie (D:8)
  4 scorpions
  A troll zombie (D:7)
  11 killer bees
  An electric eel (Lair:2)
  5 wights
  Dowan (D:7)
  4 crimson imps
  3 giant frog zombies
  7 hounds
  2 orc priests
  A giant frog skeleton (D:7)
  5 centaur skeletons
  3 centaur zombies
  2 goliath beetles (D:10)
  2 human zombies (D:7)
  A quasit (D:7)
  5 worker ants
  10 iguanas
  8 orc wizards
  6 hell rats (Lair:2)
  A statue (D:6)
  6 sheep (Lair:2)
  Ijyb (D:3)
  An ogre skeleton (D:7)
  2 hound zombies
  2 worker ant zombies (D:6)
  2 mummies (D:7)
  6 gnolls
  17 adders
  16 river rats
  2 shadow imps (D:6)
  2 giant mites
  3 worms (D:3)
  2 adder skeletons (D:10)
  2 oozes
  33 orcs
  17 bats
  4 giant cockroaches
  15 hobgoblins
  18 kobolds
  12 quokkas
  4 ball pythons
  A giant cockroach zombie (D:5)
  5 giant geckos
  3 giant newts
  9 goblins
  12 jackals
  An orc zombie (D:7)
  A quokka zombie (D:7)
  32 rats
  A fungus (Lair:2)
433 creatures vanquished.

Vanquished Creatures (others)
  A fungus (Lair:2)
1 creature vanquished.

Grand Total: 434 creatures vanquished

Notes
Turn   | Place    | Note
--------------------------------------------------------------
     0 | D:1      | Econoterrorist, the Troll Monk, began the quest for the Orb.
     0 | D:1      | Reached XP level 1. HP: 22/22 MP: 1/1
   229 | D:1      | Reached XP level 2. HP: 29/29 MP: 1/1
   860 | D:1      | Reached skill level 5 in Unarmed Combat
   860 | D:1      | Reached XP level 3. HP: 36/36 MP: 2/2
  1529 | D:3      | Reached XP level 4. HP: 41/44 MP: 2/2
  1654 | D:3      | Noticed Ijyb
  1658 | D:3      | Paralysed by Ijyb for 2 turns
  1670 | D:3      | Paralysed by Ijyb for 2 turns
  1677 | D:3      | Killed Ijyb
  1677 | D:3      | Reached skill level 6 in Unarmed Combat
  1752 | D:3      | HP: 2/44 [poisoned by a gnoll]
  1758 | D:3      | Reached XP level 5. HP: 12/50 MP: 2/2
  1846 | D:3      | Noticed ReverendCrunchyBlack's ghost (average SpFE)
  1852 | D:3      | Killed ReverendCrunchyBlack's ghost
  1852 | D:3      | Reached skill level 7 in Unarmed Combat
  1870 | D:3      | Reached XP level 6. HP: 56/59 MP: 3/3
  1948 | D:3      | Found a sparkling altar of Nemelex Xobeh.
  2581 | D:4      | Reached skill level 8 in Unarmed Combat
  2817 | D:4      | Found a stormy altar of Qazlal.
  2841 | D:4      | Reached XP level 7. HP: 34/66 MP: 3/3
  3364 | D:4      | Reached skill level 9 in Unarmed Combat
  3380 | D:4      | Noticed a moth of wrath
  3382 | D:4      | Found a bloodstained altar of Trog.
  3472 | D:5      | Entered Level 5 of the Dungeon
  3472 | D:5      | Noticed Blork the orc
  3479 | D:5      | Killed Blork the orc
  3577 | D:5      | Noticed Prince Ribbit
  3608 | D:5      | Killed Prince Ribbit
  3608 | D:5      | Reached skill level 10 in Unarmed Combat
  3608 | D:5      | Reached XP level 8. HP: 7/74 MP: 3/3
  4262 | D:5      | Reached skill level 11 in Unarmed Combat
  4641 | D:6      | Noticed Sigmund
  4653 | D:6      | Killed Sigmund
  5022 | D:6      | Reached skill level 5 in Fighting
  5057 | D:6      | Found a glowing golden altar of the Shining One.
  5145 | D:6      | Found a radiant altar of Vehumet.
  5240 | D:6      | Reached XP level 9. HP: 85/88 MP: 4/4
  5297 | D:6      | Found a staircase to the Ecumenical Temple.
  5389 | Temple   | Entered the Ecumenical Temple
  5406 | Temple   | Became a worshipper of Pakellas the Inventive
  5406 | Temple   | Acquired Pakellas' first power
  5406 | Temple   | Acquired Pakellas' second power
  5581 | D:7      | Found Miupubi's Distillery.
  5640 | D:7      | Noticed Duvessa
  5640 | D:7      | Found Zin's Purification Station.
  5642 | D:7      | Noticed Dowan
  5650 | D:7      | Killed Duvessa
  5663 | D:7      | Killed Dowan
  5701 | D:7      | Found a glowing silver altar of Zin.
  5946 | D:7      | Found a burning altar of Makhleb.
  6029 | D:7      | Bought a potion of degeneration for 12 gold pieces
  6029 | D:7      | Bought a potion of lignification for 36 gold pieces
  6029 | D:7      | Bought a potion of berserk rage for 60 gold pieces
  6029 | D:7      | Bought a potion of agility for 48 gold pieces
  6672 | D:7      | Reached XP level 10. HP: 106/106 MP: 4/4
  6674 | D:7      | Found a basalt altar of Yredelemnul.
  7005 | D:8      | Found an iron altar of Okawaru.
  7089 | D:8      | Found a white marble altar of Elyvilon.
  7181 | D:8      | Found a deep blue altar of Sif Muna.
  7306 | D:8      | Noticed Erolcha
  7414 | D:8      | Killed Erolcha
  7414 | D:8      | Acquired Pakellas' third power
  7414 | D:8      | Reached skill level 10 in Fighting
  7629 | D:9      | Reached skill level 1 in Evocations
  8343 | D:10     | Entered Level 10 of the Dungeon
  8380 | D:10     | Noticed Erica
  8391 | D:10     | Killed Erica
  8780 | D:10     | Reached XP level 11. HP: 30/119 MP: 9/10
  9091 | D:10     | Noticed an elephant
  9110 | D:10     | Killed an elephant
  9110 | D:10     | Reached skill level 5 in Dodging
  9234 | D:10     | Found a staircase to the Lair.
  9539 | D:10     | Reached skill level 5 in Evocations
  9748 | D:11     | Found an iron altar of Okawaru.
  9856 | D:11     | Noticed a hill giant
  9860 | D:11     | Noticed a hill giant
  9875 | D:11     | Killed a hill giant
  9914 | D:11     | Killed a hill giant
 10046 | D:11     | Found a staircase to the Lair.
 10046 | D:11     | Noticed a death yak
 10358 | D:11     | Noticed an eight-headed hydra
 10364 | D:11     | Killed a six-headed hydra
 10410 | D:11     | Killed a death yak
 11413 | Lair:1   | Entered Level 1 of the Lair of Beasts
 11517 | Lair:1   | Reached XP level 12. HP: 36/127 MP: 21/21
 11528 | Lair:1   | HP: 3/127 [giant frog (8)]
 11777 | Lair:1   | Received a gift from Pakellas
 12870 | Lair:2   | Reached skill level 10 in Evocations
 13719 | Lair:3   | Found a staircase to the Shoals.
 14124 | Lair:3   | Noticed ReverendCrunchyBlack's ghost (powerful SpAs)
 14133 | Lair:3   | Killed ReverendCrunchyBlack's ghost
 14133 | Lair:3   | Reached skill level 12 in Unarmed Combat
 14134 | Lair:3   | Found a hole to the Spider Nest.
 14144 | Lair:3   | HP: 3/127 [trapdoor spider (16)]
 14144 | Lair:3   | Demolished by a trapdoor spider

Action                   |  1- 3 |  4- 6 |  7- 9 | 10-12 || total
-------------------------+-------+-------+-------+-------++-------
Melee: Unarmed           |   120 |   153 |   365 |   708 ||  1346
       Scimitar          |       |       |       |     2 ||     2
Throw: Throwing net      |       |     1 |       |       ||     1
Invok: Minor Device Surg |       |       |       |     1 ||     1
       Device Surge      |       |       |       |     1 ||     1
Evoke: Wand              |       |       |       |     4 ||     4
  Use: Potion            |       |     4 |     2 |     7 ||    13
       Scroll            |       |       |    11 |     6 ||    17
 Stab: Sleeping          |     2 |     2 |     2 |    11 ||    17
       Invisible         |       |     1 |       |       ||     1
       Distracted        |       |       |       |     3 ||     3
  Eat: Chunk             |    16 |    16 |    34 |    71 ||   137
